 Dungeon Crawl Stone Soup version 0.31-a0-977-gc230f8ef24 (webtiles) character file.

Game seed: 6817180354876557419

266 Dordric the Carver (level 6, -12/47 HPs)
             Began as a Barachi Monk on Oct 30, 2023.
             Mangled by a wyvern skeleton (13 damage)
             ... on level 3 of the Dungeon.
             The game lasted 00:02:33 (2451 turns).

Dordric the Carver (Barachi Monk)                   Turns: 2451, Time: 00:02:35

Health: -12/47     AC:  6    Str: 13    XL:     6   Next: 20%
Magic:  6/6        EV: 11    Int: 10    God:
Gold:   189        SH:  0    Dex: 16    Spells: 5/5 levels left

rFire   . . .        g - +1 short sword (venom)
rCold   . . .        d - orb {light}
rNeg    . . .        f - +0 ring mail
rPois   .            (no helmet)
rElec   .            (no cloak)
rCorr   .            m - +0 pair of gloves
SInv    .            (no boots)
Will    .....        (no amulet) Stlth
                     (no ring)
HPRegen 0.27/turn    (no ring)
MPRegen 0.10/turn

%: no passive effects
@: confused, ambrosia-drunk, glowing, slow
A: amphibious, slowness 1, strong legs 1, +LOS
a: Hop


You were on level 3 of the Dungeon.
You visited 1 branch of the dungeon, and saw 3 of its levels.

You collected 189 gold pieces.

Inventory:

Hand Weapons
 a - a +0 falchion
 g - a +1 short sword of venom (weapon)
Armour
 b - a +0 robe
 d - an orb of light (worn)
 f - a +0 ring mail (worn)
 m - a +0 pair of gloves (worn)
Wands
 j - a wand of flame (16)
Scrolls
 e - a scroll of poison {unknown}
 h - 4 scrolls of enchant armour {unknown}
 k - 2 scrolls of identify {unknown}
Potions
 i - a potion of enlightenment {unknown}
 l - 2 potions of invisibility {unknown}
 n - a potion of lignification {unknown}


   Skills:
 - Level 3.6 Fighting
 + Level 8.1 Long Blades
 - Level 3.2 Dodging


You had 5 spell levels left.
You didn't know any spells.
Your spell library was empty.

Dungeon Overview and Level Annotations

Branches:
Dungeon (3/15)

Altars:

Annotations:
D:3 1 transporter, Gormless's ghost, amateur HOMo


Innate Abilities, Weirdness & Mutations

You are amphibious.
You cover ground slowly.
You can hop short distances.
You have an extended range of vision and can be seen from far away.


Message History

* * * LOW HITPOINT WARNING * * *
The howler monkey zombie barely misses you.
You hit the howler monkey zombie.
The howler monkey zombie is severely damaged.
The bullfrog skeleton hits you but does no damage.
The howler monkey zombie closely misses you.
Gormless's ghost closely misses you.
You hit the howler monkey zombie.
The howler monkey zombie is almost destroyed.
The bullfrog skeleton hits you.
* * * LOW HITPOINT WARNING * * *
You barely miss the howler monkey zombie.
The howler monkey zombie is almost destroyed.
The bullfrog skeleton barely misses you.
Gormless's ghost shrieks, "Do you think the gods will protect you?"
Gormless's ghost barely misses you.
The howler monkey zombie hits you but does no damage.
The wyvern skeleton bites you.
* * * LOW HITPOINT WARNING * * *
You are confused.
You feel invigorated. The bullfrog skeleton hits you.
* * * LOW HITPOINT WARNING * * *
The wyvern skeleton bites you but does no damage.
Gormless's ghost closely misses you. The howler monkey zombie hits you.
* * * LOW HITPOINT WARNING * * *
The bullfrog skeleton completely misses you.
You hit the howler monkey zombie.
You destroy the howler monkey zombie!
The wyvern skeleton bites you.
* * * LOW HITPOINT WARNING * * *
Gormless's ghost hits you but does no damage.
The bullfrog skeleton closely misses you.
You are too confused!
You're too confused to move!
The wyvern skeleton barely misses you. Gormless's ghost hits you!
* * * LOW HITPOINT WARNING * * *
The bullfrog skeleton hits you.
* * * LOW HITPOINT WARNING * * *
The wyvern skeleton bites you!
You die...

#..#############.......#..
#..#...........#.......###
#..#...........#.......##
#..#..###.###..#........#
#..#..#8#.#8#..#........#
#..#%..........#........##
#.©#$..[.Z.....#©.........
#..#[...WZZ....#........##
#..#..#8#@#8#..#..#####.#.
#..#.Z###.###..#..# #...
#..#...........#..# ####.
#..#...=......©#..# #....
#..#############..# #....
#.................# #....
#.................# #....
###########.####### ##....
#.......# #...).


You could see Gormless's ghost, 2 bullfrog skeletons and a wyvern skeleton.

Vanquished Creatures
  A hound (D:2)
  Jessica (D:2)
  Terence (D:2)
  An orc wizard (D:3)
  A howler monkey zombie (D:3)
  5 adders
  2 worms
  6 dart slugs
  3 orcs (D:3)
  9 ball pythons
  8 endoplasms
  4 giant cockroaches
  8 goblins
  3 hobgoblins
  6 jackals
  5 kobolds
  A quokka (D:3)
  7 bats
  4 frilled lizards
  11 rats
87 creatures vanquished.

Notes
Turn   | Place    | Note
-------+----------+-------------------------------------------
     0 | D:1      | Dordric the Barachi Monk began the quest for the Orb.
     0 | D:1      | Reached XP level 1. HP: 18/18 MP: 1/1
    90 | D:1      | Reached skill level 4 in Long Blades
    92 | D:1      | Reached XP level 2. HP: 23/24 MP: 2/2
   295 | D:1      | Reached XP level 3. HP: 29/29 MP: 3/3
   302 | D:1      | Reached skill level 5 in Long Blades
   543 | D:1      | You fall into a shaft and drop 1 floor!
   630 | D:2      | Noticed Terence
   653 | D:2      | Killed Terence
   654 | D:2      | Reached skill level 6 in Long Blades
   654 | D:2      | Reached XP level 4. HP: 13/36 MP: 4/4
  1170 | D:2      | Reached skill level 7 in Long Blades
  1170 | D:2      | Reached XP level 5. HP: 35/41 MP: 5/5
  1260 | D:2      | Noticed Jessica
  1266 | D:2      | Killed Jessica
  1514 | D:2      | Found a faded altar of an unknown god.
  1870 | D:3      | Found a transporter.
  1878 | D:3      | Noticed Gormless's ghost (amateur HOMo)
  1893 | D:3      | Found a transporter.
  2087 | D:3      | Reached skill level 8 in Long Blades
  2087 | D:3      | Reached XP level 6. HP: 47/47 MP: 6/6
  2451 | D:3      | HP: 2/47 [Gormless's ghost (7)]
  2451 | D:3      | Mangled by a wyvern skeleton

Illustrated notes

Levels and vault maps discovered:
D:1:      dpeg_arrival_pits, layout_basic
D:2:      layout_basic, shapermc_ecumenical_altar_hornbeckon,
          chequers_mini_garden, uniq_terence, uniq_jessica
D:3:      layout_basic, gammafunk_ghost_mausoleum, minmay_misc_feat_iff

Skill      XL: |  1  2  3  4  5 |
---------------+----------------+-----
Long Blades    | 4 6 7 8 |  8.1
Fighting       | |  3.6
Dodging        | |  3.2

Action                     |  1- 3 |  4- 6 || total
---------------------------+-------+-------++-------
  Melee: Falchion          |    30 |       ||    30
         Short sword       |    67 |   154 ||   221
    Use: Potion            |       |     1 ||     1
 Armour: Ring mail         |    40 |    96 ||   136
         Robe              |     1 |       ||     1
  Dodge: Dodged            |    43 |    96 ||   139

Table legend: (Time is in decaauts)
 A = Elapsed time spent in this place.
 B = Non-inter-level travel time spent in this place.
 C = Inter-level travel time spent in this place.
 D = Time resting spent in this place.
 E = Time spent auto-exploring this place.
 F = Levels seen in this place.
 G = Mean time per level.
                   A        B        C        D        E       F      G
               +--------+--------+--------+--------+--------+-----+--------+
         Total |   2756 |   2663 |     93 |      0 |   2050 |   3 |  918.7 |
       Dungeon |   2756 |   2663 |     93 |      0 |   2050 |   3 |  918.7 |
               +--------+--------+--------+--------+--------+-----+--------+

Top non-repeatable levels by time:
     D:2: 1135 daAuts
     D:1: 917 daAuts
     D:3: 703 daAuts
